Unix NetHack Version 5.0.0-0 post-release - last build May  4 2026 22:22:43 (774f63e81ad911689b3a0859ea89b322d5daca8d,branch:main).

Game began 2026-05-08 07:03:56, ended 2026-05-08 07:17:50.

31245981910, neutral female human Monk

                                                        ----
                                                        ...|
                                                      ..(..|
                                                    .......|
                                                ##.........|
                                                #  ---- ----
                                                %
                                                #
                                                #
                           ---p-   ##           #
                           -i@.|   ###%         #
                           |...|#############   #
                           |[(.-#######-.---.-- #
                           |...|      )........##
                           -----       |.....<|
                                       |......|
                                       --------

31245981910 the Novice          St:15 Dx:13 Co:11 In:10 Wi:15 Ch:11  Neutral
Dlvl:4  $:55 HP:0(29) Pw:31(31) AC:4  Xp:4 T:1421 

Latest messages:
 You hit the housecat!
 You hear a slow drip.
 You kill the housecat!
 You see here a cave spider corpse.
 You see here an axe.
 The giant bat bites!
 You hit the giant bat!
 The giant bat bites!
 You hit the giant bat!
 The giant bat turns to flee.
 You see here an axe.
 You kill the cave spider!
 You hear a gurgling noise.
 You see here an axe.
 The giant bat misses!
 You hit the giant bat!
 The giant bat bites!
 The giant bat bites!
 You kill the giant bat!
 You are beginning to feel hungry.
 You see here a chest.
 What do you want to eat? [efght or ?*] ?
 Blecch!  Rotten food!
 You feel rather light headed.
 What do you want to eat? [efght or ?*] g
 This orange is delicious!
 What do you want to eat? [efght or ?*] <space>
 Never mind.
 You hit the imp!
 You hit the imp!
 The imp just misses!
 You feel less confused now.
 You hear a gurgling noise.
 You miss the imp.
 The imp hits!
 You miss the imp.
 The imp just misses!
 You miss the imp.
 You miss the imp.
 The imp hits!
 You hit the imp!
 The imp hits!
 You miss the imp.
 The imp hits!
 You die...
 Do you want your possessions identified? [ynq] (y) y
 Do you want to see your attributes? [ynq] (y) y
 Do you want an account of creatures vanquished? [ynaq] (y) y
 Do you want to see your conduct and achievements? [ynq] (y) y
 Do you want to see the dungeon overview? [ynq] (y) y

Inventory:
 Coins    ('$')
  $ - 55 gold pieces
 Weapons  (')')
  r - a +0 orcish dagger
 Armor    ('[')
  a - an uncursed +2 pair of leather gloves (being worn)
  b - an uncursed +1 robe (being worn)
 Comestibles  ('%')
  f - 6 uncursed apples
  e - 6 uncursed food rations
  h - 3 uncursed fortune cookies
  g - 4 uncursed oranges
  t - an uncursed egg
 Scrolls  ('?')
  n - a cursed scroll of gold detection
  k - a blessed scroll of identify
  j - an uncursed scroll of light
  c - an uncursed scroll of punishment
  m - an uncursed scroll of teleportation
 Spellbooks  ('+')
  i - a blessed spellbook of protection
 Potions  ('!')
  p - a cursed potion of full healing
  l - an uncursed potion of invisibility
  s - an uncursed potion of restore ability
  o - an uncursed potion of sickness
 Tools    ('(')
  q - an expensive camera (0:58)

31245981910 the Monk's attributes:

Background:
 You were a Novice, a level 4 female human Monk.
 You were neutral, nominally on a mission for Chih Sung-tzu
 who was opposed by Shan Lai Ching (lawful) and Huan Ti (chaotic).
 You were right-handed.
 You were in the Dungeons of Doom, on level 4.
 You entered the dungeon 1421 turns ago.
 You had 129 experience points, 31 more were needed to attain level 5.

Basics:
 You had 0 out of 29 hit points.
 You had all 31 energy points (spell power).
 Your armor class was 4.
 Your wallet contained 55 zorkmids.
 Autopickup was off.

Final Characteristics:
 Your strength was 15 (peak:17, limit:18/100).
 Your dexterity was 13 (limit:18).
 Your constitution was 11 (limit:18).
 Your intelligence was 10 (limit:18).
 Your wisdom was 15 (limit:18).
 Your charisma was 11 (limit:18).

Final Status:
 You weren't hungry.
 You were unencumbered.
 You were empty handed.
 You had basic skill with martial arts.

Final Attributes:
 You were fervently aligned.
 You were sleep resistant.
 You were poison resistant.
 You saw invisible.
 You were guarded.
 Your spell casting was enhanced by wearing a robe.
 You were fast.
 You are dead.

Miscellaneous:
 You encountered 1 bones level.
 Total elapsed playing time was 13 minutes and 53 seconds.

Major events:
 Turn
    1: 31245981910 the neutral female human Monk entered the dungeon
  982: attained the rank of Novice (level 3)
 1421: killed by an imp

Spells:
 Name                 Level Category     Fail Retention
 protection             1   clerical       0%  76%-100%

Skills:
 Fighting Skills
   martial arts       [Basic]
 Weapon Skills
   quarterstaff       [Unskilled]
   spear              [Unskilled]
   crossbow           [Unskilled]
   shuriken           [Unskilled]
 Spellcasting Skills
   attack spells      [Unskilled]
   healing spells     [Basic]
   divination spells  [Unskilled]
   enchantment spells [Unskilled]
   clerical spells    [Unskilled]
   escape spells      [Unskilled]
   matter spells      [Unskilled]

Voluntary challenges:
 Character rerolling was not enabled.
 You were an atheist.
 You never hit with a wielded weapon.
 You were illiterate.
 You never genocided any monsters.
 You never polymorphed an object.
 You never changed form.
 You used no wishes.
Achievements:
 You attained the rank of Novice.
 You entered a shop.

 The Dungeons of Doom: levels 1 to 4
    Level 1:
       A fountain.
    Level 2:
       Some fountains.
    Level 3:
       An armor shop.
    Level 4: <- You were here.
       Final resting place for
          you, killed by an imp,
          hanschristian-Bar-Hum-Mal-Cha, killed by a hallucinogen-distorted imp.


Vanquished creatures:
  a housecat
  a little dog
  2 homunculi
  a giant bat
  a gas spore
  3 giant rats
  3 cave spiders
  3 yellow molds
  a gecko
  5 jackals
  a fox
  a kobold
  2 goblins
  2 sewer rats
  2 grid bugs
  a lichen
  a kobold zombie
  6 newts
37 creatures vanquished.

No species were genocided or became extinct.

Game over:
                       ----------
                      /          \
                     /    REST    \
                    /      IN      \
                   /     PEACE      \
                  /                  \
                  |   31245981910    |
                  |      55 Au       |
                  | killed by an imp |
                  |                  |
                  |                  |
                  |                  |
                  |       2026       |
                 *|     *  *  *      | *
        _________)/\\_//(\/(/\)/\//\/|_)_______

Goodbye 31245981910 the Monk...

You died in The Dungeons of Doom on dungeon level 4 with 716 points,
and 55 pieces of gold, after 1421 moves.
You were level 4 with a maximum of 29 hit points when you died.

